PL
BUCKHEAD BOWTIES @ BROOKLYN DODGERS
07/21/2019
 
TOP OF THE 1ST
Buckhead Bowties batting - Pitching for Brooklyn Dodgers : LHP Todd Hines
Pitching: LHP Todd Hines
Batting: LHB Kenneth Chapman 0-0: Ball
1-0: Ball
2-0: Foul Ball, location: 2F
2-1: Foul Ball, location: 2F
2-2: Ball
3-2: Ground out 4-3 (Groundball, 4)
Batting: RHB Bernardo Herrera 0-0: Called Strike
0-1: Called Strike
0-2: Strikes out looking
Batting: SHB Juan Sánchez 0-0: Called Strike
0-1: Swinging Strike
0-2: Ball
1-2: Ball
2-2: Ball
3-2: Strikes out swinging
Top of the 1st over - 0 run(s), 0 hit(s), 0 error(s), 0 left on base; Buckhead 0 - Brooklyn 0
BOTTOM OF THE 1ST
Brooklyn Dodgers batting - Pitching for Buckhead Bowties : LHP Chester Henry
Pitching: LHP Chester Henry
Batting: LHB Chris Gregory 0-0: Ball
1-0: Called Strike
1-1: Fly out, F9 (Line Drive, 89D)
Batting: LHB Pancho García 0-0: SINGLE (Groundball, 4M)
Batting: LHB Rubén López 0-0: Foul Ball, location: 2F
0-1: Ball
1-1: Called Strike
1-2: Strikes out looking
Pancho García is caught stealing 2nd base
Batter strikes out.
Bottom of the 1st over - 0 run(s), 1 hit(s), 0 error(s), 0 left on base; Buckhead 0 - Brooklyn 0
TOP OF THE 2ND
Buckhead Bowties batting - Pitching for Brooklyn Dodgers : LHP Todd Hines
Batting: LHB Neil Lawson 0-0: Ground out 1-3 (Groundball, 25)
Batting: LHB Chin Pak 0-0: Ball
1-0: Foul Ball, location: 2F
1-1: Foul Ball, location: 2F
1-2: Strikes out swinging
Batting: LHB Sinclair van Kooten 0-0: Called Strike
0-1: Ball
1-1: Foul Ball, location: 2F
1-2: Strikes out swinging
Top of the 2nd over - 0 run(s), 0 hit(s), 0 error(s), 0 left on base; Buckhead 0 - Brooklyn 0
BOTTOM OF THE 2ND
Brooklyn Dodgers batting - Pitching for Buckhead Bowties : LHP Chester Henry
Batting: LHB Ray Sears 0-0: Ground out 6-3 (Groundball, 6M)
Batting: LHB Roberto Rodríguez 0-0: Ball
1-0: Called Strike
1-1: Fly out, F3 (Popup, 34S)
Batting: RHB Sean Davis 0-0: Ball
1-0: Ground out 3-1 (Groundball, 34S)
Bottom of the 2nd over - 0 run(s), 0 hit(s), 0 error(s), 0 left on base; Buckhead 0 - Brooklyn 0
TOP OF THE 3RD
Buckhead Bowties batting - Pitching for Brooklyn Dodgers : LHP Todd Hines
Batting: RHB Tim Barnes 0-0: Ball
1-0: Ball
2-0: Ball
3-0: Called Strike
3-1: Base on Balls
Batting: RHB Joe Shaw 0-0: Called Strike
0-1: Ball
1-1: Foul Ball, location: 2F
1-2: Foul Ball, location: 2F
1-2: Strikes out looking
Batting: LHB Chester Henry 0-0: Sac Bunt - play at first, batter OUT! 5-4
Tim Barnes to second
Batting: LHB Kenneth Chapman 0-0: Called Strike
0-1: Ball
1-1: Foul Ball, location: 2F
1-2: Ball
2-2: Foul Ball, location: 2F
2-2: Ball
3-2: Ground out U3 (Groundball, 3S)
Top of the 3rd over - 0 run(s), 0 hit(s), 0 error(s), 1 left on base; Buckhead 0 - Brooklyn 0
BOTTOM OF THE 3RD
Brooklyn Dodgers batting - Pitching for Buckhead Bowties : LHP Chester Henry
Batting: RHB Pedro Cruz 0-0: Ball
1-0: Foul Ball, location: 2F
1-1: Ball
2-1: Swinging Strike
2-2: Ball
3-2: Strikes out swinging
Batting: LHB William Hansen 0-0: Ball
1-0: Ball
2-0: Called Strike
2-1: Ball
3-1: Foul Ball, location: 2F
3-2: Ground out 6-3 (Groundball, 56)
Batting: LHB Todd Hines 0-0: Ball
1-0: Fly out, F7 (Flyball, 7M)
Bottom of the 3rd over - 0 run(s), 0 hit(s), 0 error(s), 0 left on base; Buckhead 0 - Brooklyn 0
TOP OF THE 4TH
Buckhead Bowties batting - Pitching for Brooklyn Dodgers : LHP Todd Hines
Batting: RHB Bernardo Herrera 0-0: Fly out, F9 (Flyball, 9M)
Batting: SHB Juan Sánchez 0-0: Ball
1-0: Foul Ball, location: 2F
1-1: Ball
2-1: Called Strike
2-2: Reached on error, E6 (Groundball, 6)
Batting: LHB Neil Lawson 0-0: Swinging Strike
0-1: Foul Ball, location: 2F
0-2: Ball
1-2: Ball
2-2: SINGLE (Groundball, 6MD)
Juan Sánchez to second
Runner from 2nd tries for 3rd, SAFE, throw made to third
Neil Lawson to second
Batting: LHB Chin Pak 0-0: Swinging Strike
0-1: Fly out, F8 (Flyball, 8LS)
Batting: LHB Sinclair van Kooten 0-0: Ball
1-0: SINGLE (Groundball, 56D)
Juan Sánchez scores
Neil Lawson to third
Runner from 3rd tries for Home, SAFE, no throw or cutoff
Batting: RHB Tim Barnes 0-0: Foul Ball, location: 2F
0-1: Ball
1-1: Ball
2-1: SINGLE (Groundball, 4D)
Sinclair van Kooten to second
Runner from 2nd tries for 3rd, SAFE, throw made to third
Tim Barnes to second
Batting: RHB Joe Shaw 0-0: Intentional Walk
Batting: LHB Chester Henry 0-0: Fly out, F8 (Flyball, 8RM)
Top of the 4th over - 2 run(s), 3 hit(s), 1 error(s), 3 left on base; Buckhead 2 - Brooklyn 0
BOTTOM OF THE 4TH
Brooklyn Dodgers batting - Pitching for Buckhead Bowties : LHP Chester Henry
Batting: LHB Chris Gregory 0-0: Ball
1-0: Foul Ball, location: 2F
1-1: Foul Ball, location: 2F
1-2: Strikes out swinging
Batting: LHB Pancho García 0-0: Called Strike
0-1: Ball
1-1: Foul Ball, location: 2F
1-2: SINGLE (Groundball, 56)
Batting: LHB Rubén López 0-0: SINGLE (Line Drive, 9S)
Pancho García to second
Batting: LHB Ray Sears 0-0: Ball
1-0: Ball
2-0: Ball
3-0: Swinging Strike
3-1: Foul Ball, location: 2F
3-2: Foul Ball, location: 2F
3-2: Fielders Choice at 2nd, 4-6 (Groundball, 4M)
Pancho García to third
Batting: LHB Roberto Rodríguez 0-0: Ball
1-0: SINGLE (Groundball, 34)
Pancho García scores
Ray Sears to second
Runner from 2nd tries for 3rd, SAFE, no throw or cutoff
Batting: RHB Sean Davis 0-0: Ball
1-0: Ball
2-0: Foul Ball, location: 2F
2-1: Ground out 4-3 (Groundball, 4)
Bottom of the 4th over - 1 run(s), 3 hit(s), 0 error(s), 2 left on base; Buckhead 2 - Brooklyn 1
TOP OF THE 5TH
Buckhead Bowties batting - Pitching for Brooklyn Dodgers : LHP Todd Hines
Batting: LHB Kenneth Chapman 0-0: Called Strike
0-1: Ball
1-1: Called Strike
1-2: Foul Ball, location: 2F
1-2: Foul Ball, location: 2F
1-2: Ball
2-2: Ball
3-2: Fly out, F8 (Line Drive, 8RM)
Batting: RHB Bernardo Herrera 0-0: Foul Ball, location: 2F
0-1: Foul Ball, location: 2F
0-2: Ball
1-2: Ball
2-2: SINGLE (Line Drive, 6D)
Batting: SHB Juan Sánchez 0-0: Ball
1-0: Foul Ball, location: 2F
1-1: Called Strike
1-2: Strikes out swinging
Batting: LHB Neil Lawson 0-0: Called Strike
0-1: Foul Ball, location: 2F
0-2: Foul Ball, location: 2F
0-2: Ball
Bernardo Herrera is caught stealing 2nd base
Top of the 5th over - 0 run(s), 1 hit(s), 0 error(s), 0 left on base; Buckhead 2 - Brooklyn 1
BOTTOM OF THE 5TH
Brooklyn Dodgers batting - Pitching for Buckhead Bowties : LHP Chester Henry
Batting: RHB Pedro Cruz 0-0: Ground out 5-3 (Groundball, 5S)
Batting: LHB William Hansen 0-0: Ball
1-0: DOUBLE (Flyball, 9M)
Batting: LHB Todd Hines 0-0: Called Strike
0-1: Ball
1-1: Sac Bunt - play at third, runner OUT! 1-5
Batting: LHB Chris Gregory 0-0: Ball
1-0: Foul Ball, location: 2F
1-1: Ball
2-1: Ball
3-1: Called Strike
3-2: Base on Balls
Todd Hines to second
Batting: LHB Pancho García 0-0: Ball
1-0: Swinging Strike
1-1: Ball
2-1: Ball
3-1: Swinging Strike
3-2: Ground out 4-3 (Groundball, 4M)
Bottom of the 5th over - 0 run(s), 1 hit(s), 0 error(s), 2 left on base; Buckhead 2 - Brooklyn 1
TOP OF THE 6TH
Buckhead Bowties batting - Pitching for Brooklyn Dodgers : LHP Todd Hines
Batting: LHB Neil Lawson 0-0: Called Strike
0-1: Foul Ball, location: 2F
0-2: Strikes out swinging
Batting: LHB Chin Pak 0-0: Foul Ball, location: 2F
0-1: Ball
1-1: Foul Ball, location: 2F
1-2: Strikes out looking
Batting: LHB Sinclair van Kooten 0-0: Foul Ball, location: 2F
0-1: Ground out 4-3 (Groundball, 4M)
Top of the 6th over - 0 run(s), 0 hit(s), 0 error(s), 0 left on base; Buckhead 2 - Brooklyn 1
BOTTOM OF THE 6TH
Brooklyn Dodgers batting - Pitching for Buckhead Bowties : LHP Chester Henry
Batting: LHB Rubén López 0-0: Swinging Strike
0-1: Called Strike
0-2: DOUBLE (Line Drive, 9LM)
Batting: LHB Ray Sears 0-0: Ball
1-0: Ball
2-0: Ball
3-0: Base on Balls
Batting: LHB Roberto Rodríguez 0-0: Ball
1-0: Called Strike
1-1: Foul Ball, location: 2F
1-2: Foul Ball, location: 2F
1-2: Ball
2-2: SINGLE (Line Drive, 89S)
Rubén López to third
Ray Sears to second
Runner from 3rd tries for Home, SAFE, no throw or cutoff
Batting: RHB Sean Davis 0-0: Ball
1-0: Ball
2-0: Ball
3-0: Called Strike
3-1: Foul Ball, location: 2F
3-2: SINGLE (Groundball, 56)
Ray Sears to third
Roberto Rodríguez to second
Batting: RHB Pedro Cruz 0-0: Ball
1-0: Swinging Strike
1-1: SINGLE (Line Drive, 8LS)
Ray Sears scores
Roberto Rodríguez to third
Sean Davis to second
Batting: LHB William Hansen 0-0: Foul Ball, location: 2F
0-1: Called Strike
0-2: Ball
1-2: Grounds into fielders choice 1-2 (Groundball, 3S)
Sean Davis to third
Pedro Cruz to second
Batting: LHB Todd Hines 0-0: SINGLE (Groundball, 56D)
Sean Davis scores
Pedro Cruz to third
William Hansen to second
Runner from 3rd tries for Home, SAFE, throw made home
Batting: LHB Chris Gregory 0-0: Called Strike
0-1: Swinging Strike
0-2: Ball
1-2: Ball
2-2: Ball
3-2: Foul Ball, location: 2F
3-2: Base on Balls
William Hansen to third
Todd Hines to second
Batting: LHB Pancho García 0-0: Called Strike
0-1: Ball
1-1: Ball
2-1: Ground out 5-3 (Groundball, 56S)
William Hansen scores
Todd Hines to third
Chris Gregory to second
Pitching: LHP Ethan Bishop
Batting: LHB Rubén López 0-0: Ball
1-0: Ball
2-0: Called Strike
2-1: Fly out, F7 (Line Drive, 7S)
Bottom of the 6th over - 5 run(s), 5 hit(s), 0 error(s), 2 left on base; Buckhead 2 - Brooklyn 6
TOP OF THE 7TH
Buckhead Bowties batting - Pitching for Brooklyn Dodgers : LHP Todd Hines
Batting: RHB Tim Barnes 0-0: Called Strike
0-1: Swinging Strike
0-2: Ball
1-2: Ball
2-2: Strikes out looking
Batting: RHB Joe Shaw 0-0: Ball
1-0: Foul Ball, location: 2F
1-1: Called Strike
1-2: Strikes out looking
Pinch Hitting: LHB Guy Riley 0-0: Foul Ball, location: 2F
0-1: Called Strike
0-2: Ball
1-2: Ball
2-2: Ball
3-2: Strikes out swinging
Top of the 7th over - 0 run(s), 0 hit(s), 0 error(s), 0 left on base; Buckhead 2 - Brooklyn 6
BOTTOM OF THE 7TH
Brooklyn Dodgers batting - Pitching for Buckhead Bowties : LHP Ethan Bishop
Pitching: LHP Juan Castro
Batting: LHB Ray Sears 0-0: Foul Ball, location: 2F
0-1: Ball
1-1: Ball
2-1: Swinging Strike
2-2: Foul Ball, location: 2F
2-2: Strikes out swinging
Batting: LHB Roberto Rodríguez 0-0: Called Strike
0-1: Ball
1-1: Foul Ball, location: 2F
1-2: SOLO HOME RUN (Flyball, 89XD), Distance : 410 ft
Batting: RHB Sean Davis 0-0: Ball
1-0: Called Strike
1-1: Foul Ball, location: 2F
1-2: Strikes out swinging
Batting: RHB Pedro Cruz 0-0: Called Strike
0-1: Ground out 6-3 (Groundball, 6)
Bottom of the 7th over - 1 run(s), 1 hit(s), 0 error(s), 0 left on base; Buckhead 2 - Brooklyn 7
TOP OF THE 8TH
Buckhead Bowties batting - Pitching for Brooklyn Dodgers : LHP Todd Hines
Batting: LHB Kenneth Chapman 0-0: Ball
1-0: Called Strike
1-1: Ball
2-1: Foul Ball, location: 2F
2-2: Ball
3-2: Fly out, F7 (Flyball, 7M)
Batting: RHB Bernardo Herrera 0-0: Ball
1-0: Called Strike
1-1: Swinging Strike
1-2: Foul Ball, location: 2F
1-2: Strikes out swinging
Batting: SHB Juan Sánchez 0-0: Ball
1-0: Ground out 5-3 (Groundball, 56)
Top of the 8th over - 0 run(s), 0 hit(s), 0 error(s), 0 left on base; Buckhead 2 - Brooklyn 7
BOTTOM OF THE 8TH
Brooklyn Dodgers batting - Pitching for Buckhead Bowties : LHP Juan Castro
Batting: LHB William Hansen 0-0: Ball
1-0: Called Strike
1-1: Ball
2-1: Fly out, F8 (Line Drive, 8LM)
Pinch Hitting: RHB Luis Rivas 0-0: Ground out 1-3 (Groundball, 15)
Batting: LHB Chris Gregory 0-0: Foul Ball, location: 2F
0-1: Called Strike
0-2: Ball
1-2: Ball
2-2: Strikes out swinging
Bottom of the 8th over - 0 run(s), 0 hit(s), 0 error(s), 0 left on base; Buckhead 2 - Brooklyn 7
TOP OF THE 9TH
Buckhead Bowties batting - Pitching for Brooklyn Dodgers : LHP Todd Hines
Pitching: RHP José Ramos
Batting: LHB Neil Lawson 0-0: Swinging Strike
0-1: Foul Ball, location: 2F
0-2: Ball
1-2: Ball
2-2: Foul Ball, location: 2F
2-2: Foul Ball, location: 2F
2-2: Strikes out swinging
Batting: LHB Chin Pak 0-0: Ball
1-0: Called Strike
1-1: Ball
2-1: Swinging Strike
2-2: Foul Ball, location: 2F
2-2: Strikes out swinging
Batting: LHB Sinclair van Kooten 0-0: Ball
1-0: SINGLE (Groundball, 34D)
Batting: RHB Tim Barnes 0-0: Ball
1-0: Fly out, F4 (Popup, 4S)
Top of the 9th over - 0 run(s), 1 hit(s), 0 error(s), 1 left on base; Buckhead 2 - Brooklyn 7
This league is powered by Out of the Park Baseball, the baseball management simulation game for PC, Mac and Linux
Saturday, July 25th, 2015 - OOTP Baseball 15.6 Build 34